 Dungeon Crawl Stone Soup version 0.25-a0-41-g6cf4ce537d (webtiles) character file.

Game seed: 7753938422990794644, levelgen mode: deterministic

235 Arixos the Skirmisher (level 5, -6/43 HPs)
             Began as a Demonspawn Monk on Oct 21, 2019.
             Was a Follower of Ru.
             Killed by nerve-wracking pain
             ... invoked by Grinder
              (13 damage)
             ... on level 4 of the Dungeon.
             The game lasted 00:07:43 (2859 turns).

Arixos the Skirmisher (Demonspawn Monk)             Turns: 2859, Time: 00:07:44

Health: -6/43      AC: 11    Str: 13    XL:     5   Next: 76%
Magic:  5/5        EV:  4    Int: 11    God:    Ru [*.....]
Gold:   227        SH:  0    Dex: 15    Spells: 4/4 levels left

rFire    . . .     SeeInvis .   j - +2 whip (elec)
rCold    . . .     Gourm    .   (no shield)
rNeg     . . .     Faith    .   g - +0 plate armour
rPois    .         Spirit   .   (helmet restricted)
rElec    .         Reflect  .   (no cloak)
rCorr    .         Harm     .   (no gloves)
MR       .....                  (no boots)
Stlth    ..........             (no amulet)
HPRegen  0.14/turn              (no ring)
MPRegen  0.09/turn              (no ring)

@: no status effects
A: horns 1, no conjurations magic, no ice magic, no transmutations magic
a: Renounce Religion


You were on level 4 of the Dungeon.
You worshipped Ru.
Ru was aware of your devotion.
You were not hungry.

You visited 1 branch of the dungeon, and saw 4 of its levels.

You collected 227 gold pieces.

Inventory:

Hand Weapons
 j - a +2 whip of electrocution (weapon)
 k - a +1 trident of protection
Armour
 a - a +0 robe
 g - a +0 plate armour (worn)
Scrolls
 d - 2 scrolls of remove curse {unknown}
 h - 2 scrolls of teleportation {unknown}
 m - a scroll of identify
 o - a scroll of fog {unknown}
 p - a scroll of immolation {unknown}
Potions
 c - 4 potions of brilliance {unknown}
 e - a potion of heal wounds {unknown}
 i - a potion of resistance {unknown}
 l - a potion of lignification {unknown}
 n - a potion of curing {unknown}
Comestibles
 b - 9 rations
 f - 2 chunks of flesh


   Skills:
 + Level 4.3 Fighting
 + Level 1.1 Maces & Flails
 + Level 2.6 Armour
 + Level 4.0 Dodging
 - Level 1.7 Stealth
 - Level 2.6 Unarmed Combat


You had 4 spell levels left.
You didn't know any spells.
Your spell library was empty.

Dungeon Overview and Level Annotations

Branches:
Dungeon (4/15)
 Temple: D:4-7

Altars:
Ru

Annotations:
D:4 Grinder


Innate Abilities, Weirdness & Mutations

You have a pair of small horns on your head.
You cannot study or cast Conjurations magic.
You cannot study or cast Ice magic.
You cannot study or cast Transmutations magic.


Message History

Grinder hits you.
You writhe in agony.
You are too injured to fight recklessly!
You closely miss Grinder.
Grinder is almost dead.
Grinder gestures at you.
You suddenly lose the ability to move!
Grinder gestures at you. Pain shoots through your body! Grinder hits you.
You can move again.
You hit Grinder but do no damage. You headbutt Grinder.
Grinder is almost dead.
Grinder gestures at you. Pain shoots through your body!
* * * LOW HITPOINT WARNING * * *
You closely miss Grinder.
Grinder is almost dead.
Grinder gestures at you. Pain shoots through your body!
You die...

## #### ### ###
##.# #..###.##
###.##...#
.##.##..#
.......#
###...#.###
#......#
.....###..##
##.....#
#.....####.###
##5.....#
##.#...#
##..###@##....#
####..##
##....#####......
##..#####...#
..#...
##...##..#.## .#
.. ##....###..#
.# . ##...## #..#
# #.##...## #..##
# #......#
##...## ..#
#.####.#
#.....###....#


You could see Grinder.

Vanquished Creatures
  An ogre (D:4)
  Robin (D:2)
  5 adders
  2 worms (D:2)
  2 dart slugs
  10 orcs
  4 giant cockroaches
  15 goblins
  9 hobgoblins
  2 ball pythons
  6 bats
  3 frilled lizards
  8 kobolds
  6 rats
74 creatures vanquished.

Notes
Turn   | Place    | Note
-------+----------+-------------------------------------------
     0 | D:1      | Arixos the Demonspawn Monk began the quest for the Orb.
     0 | D:1      | Reached XP level 1. HP: 18/18 MP: 1/1
   344 | D:1      | You fall into a shaft and drop 1 floor!
   364 | D:2      | Gained mutation: You have a pair of small horns on your
                  | head. [demonic ancestry]
   364 | D:2      | Reached XP level 2. HP: 20/24 MP: 2/2
   719 | D:1      | Reached skill level 1 in Armour
  1082 | D:2      | Reached XP level 3. HP: 29/29 MP: 3/3
  1125 | D:2      | Noticed Robin
  1147 | D:2      | Killed Robin
  1554 | D:2      | Reached XP level 4. HP: 34/37 MP: 4/4
  2426 | D:3      | Found a sacrificial altar of Ru.
  2434 | D:3      | Became a worshipper of Ru the Awakened
  2454 | D:3      | Gained mutation: You cannot study or cast Ice magic. [Ru
                  | sacrifice]
  2454 | D:3      | Gained mutation: You cannot study or cast Transmutations
                  | magic. [Ru sacrifice]
  2454 | D:3      | Gained mutation: You cannot study or cast Conjurations
                  | magic. [Ru sacrifice]
  2454 | D:3      | Reached * piety under Ru
  2491 | D:4      | Reached XP level 5. HP: 42/42 MP: 5/5
  2568 | D:4      | Noticed an ogre
  2575 | D:4      | Killed an ogre
  2575 | D:4      | Reached skill level 1 in Maces & Flails
  2829 | D:4      | Noticed Grinder
  2855 | D:4      | Paralysed by Grinder for 3 turns
  2859 | D:4      | Killed from afar by Grinder

Levels and vault maps discovered:
D:1:      dpeg_arrival_radiant, layout_loops_ring
D:2:      layout_loops_ring, uniq_robin
D:3:      layout_rooms, lemuel_coloured_pillars_altar
D:4:      layout_layer_cave, tgw_trog, kennysheep_mini_moat, serial_shops,
          nicolae_shop_waterfront, minmay_cupped, uniq_grinder

Skill      XL: |  1  2  3  4  5 |
---------------+----------------+-----
Dodging        | 3 4 |  4.0
Armour         | 1 2 |  2.6
Fighting       | 4 |  4.3
Maces & Flails | 1 |  1.1
Stealth        | |  1.7
Unarmed Combat | |  2.6

Action                   |  1- 3 |  4- 6 || total
-------------------------+-------+-------++-------
Melee: Unarmed           |    51 |       ||    51
       Whip              |    70 |    80 ||   150
       Dagger            |    16 |       ||    16
       Headbutt          |    16 |    14 ||    30
       Punch             |       |     2 ||     2
Invok: Sacrifice Arcana  |       |     1 ||     1
  Use: Scroll            |     2 |       ||     2
 Stab: Sleeping          |     3 |       ||     3
  Eat: Chunk             |     2 |     4 ||     6
Armor: Robe              |     9 |       ||     9
       Plate armour      |    75 |    57 ||   132
Dodge: Dodged            |    54 |    15 ||    69

Table legend:
 A = Non-vault XP
 B = Vault XP
 C = Vault XP percentage of total XP
 D = Non-vault monster count
 E = Vault monster count
 F = Vault count percentage of total count
                 A         B        C        D         E       F
            +---------+---------+-------+---------+---------+-------
      Total |     302 |      35 |  10.4 |      63 |      11 |  14.9
            +---------+---------+-------+---------+---------+-------
        D:1 |      30 |       0 |   0.0 |      18 |       0 |   0.0
        D:2 |      40 |      35 |  46.7 |      13 |      11 |  45.8
        D:3 |      89 |       0 |   0.0 |      26 |       0 |   0.0
        D:4 |     143 |       0 |   0.0 |       6 |       0 |   0.0
            +---------+---------+-------+---------+---------+-------
